 Dungeon Crawl Stone Soup version 0.31-a0-204-g7da18cac08 (webtiles) character file.

Game seed: 3408353915122421583

3684 qw the Markself (level 9, -2/52 HPs)
             Began as a Deep Elf Hunter on June 27, 2023.
             Was a Follower of Okawaru.
             Slain by an orc warrior
             ... wielding a +1 dire flail of protection
              (11 damage)
             ... on level 9 of the Dungeon.
             The game lasted 00:02:43 (7014 turns).

qw the Markself (Deep Elf Hunter)                   Turns: 7014, Time: 00:02:44

Health: -2/52      AC: 10    Str: 10    XL:     9   Next: 90%
Magic:  14/14      EV: 13    Int: 15    God:    Okawaru [*.....]
Gold:   524        SH:  0    Dex: 20    Spells: 8/8 levels left

rFire   . . .        l - +0 orcbow
rCold   . . .        (shield currently unavailable)
rNeg    . . .        i - +0 ring mail
rPois   .            e - +0 helmet
rElec   .            c - +2 cloak
rCorr   .            (no gloves)
SInv    +            (no boots)
Will    .....        (no amulet)
Stlth   +            h - +4 ring of slaying {mikee}
HPRegen 0.28/turn    d - ring of see invisible
MPRegen 0.14/turn

%: no passive effects
@: slowed, very slow
A: talons 1, shaggy fur 1
a: Renounce Religion, Heroism


You were on level 9 of the Dungeon.
You worshipped Okawaru.
Okawaru was aware of your devotion.
You visited 2 branches of the dungeon, and saw 10 of its levels.

You collected 524 gold pieces.


Innate Abilities, Weirdness & Mutations

You have sharp toenails.
You are covered in fur. (AC +1)


   Skills:
 - Level 4.0 Fighting
 - Level 16.0 Ranged Weapons
 + Level 1.1 Armour
 - Level 6.0 Dodging
 - Level 1.2 Stealth
 - Level 4.0 Invocations


You had 8 spell levels left.
You didn't know any spells.
Your spell library was empty.

Inventory:

Hand Weapons
 l - a +0 orcbow (weapon)
Armour
 c - a +2 cloak (worn)
 e - a +0 helmet (worn)
 i - a +0 ring mail (worn)
Jewellery
 d - a ring of see invisible (right hand)
 h - a +4 ring of slaying (left hand) {mikee}
 Y - a +6 ring of strength
Scrolls
 a - 4 scrolls of teleportation
 m - 2 scrolls of identify
Potions
 b - 2 potions of mutation
 f - 2 potions of heal wounds
 g - a potion of enlightenment
 j - 5 potions of might
 k - a potion of curing

Dungeon Overview and Level Annotations

Branches:
Dungeon (9/15)             Temple (1/1) D:5
   Lair: D:8-11         Orc: D:9-12

Altars:
Ashenzari
Cheibriados
Dithmenos
Elyvilon
Fedhas
Gozag
Hepliaklqana
Kikubaaqudgha
Makhleb
Nemelex Xobeh
Okawaru
Qazlal
Ru
Sif Muna
Trog
Uskayaw
Vehumet
Wu Jian
Xom
Yredelemnul
Zin
The Shining One

Shops:
D:1 :   D:5 :


Message History

The orc wizard closely misses you. The orc wizard misses you.
The orc warrior hits you with a +1 dire flail of protection.
The orc wizard completely misses you.
Your base Ranged Weapons skill increases to level 16!
You shoot an arrow.
The arrow barely misses the orc warrior.
The arrow hits the orc!
You kill the orc!
Okawaru accepts your kill.
The orc warrior hits you with a +1 dire flail of protection!
The orc wizard casts a spell at you.
The puff of flame hits you but does no damage.
The orc wizard gestures at you while chanting.
The puff of flame hits the orc wizard.
The orc wizard points at you and mumbles some strange words.
The puff of flame hits the orc wizard!
The orc wizard casts a spell at you.
You are confused.
7012 ||| DRINKING 2 potions of curing.
You feel better.
7012 ||| (to cure confusion)
The orc warrior barely misses you. The orc wizard closely misses you.
The orc wizard casts a spell at you.
The puff of flame misses the orc wizard.
The puff of flame hits you but does no damage.
The orc wizard points at you and mumbles some strange words.
The puff of flame hits you.
You shoot an arrow. The arrow hits the orc wizard.
The orc wizard is almost dead.
The orc warrior hits you with a +1 dire flail of protection!
The orc wizard closely misses you.
The orc wizard casts a spell.
The orc wizard flickers and vanishes for a moment.
You shoot an arrow. The arrow hits the orc wizard.
You kill the orc wizard!
Okawaru accepts your kill.
You feel like a meek peon again.
The orc warrior hits you with a +1 dire flail of protection!
The orc wizard barely misses you.
The orc warrior hits you with a +1 dire flail of protection!
You die...

######
##.....
#o..##
#o#..#
#@o)#
##o##
.# o#
.# .#
.. .#


You could see an orc warrior and 4 orc wizards.

Vanquished Creatures
  Sigmund (D:4)
  A wraith (D:9)
  A yak (D:7)
  A steam dragon (D:8)
  A water moccasin (D:7)
  2 black bears
  An ice beast (D:7)
  3 centaurs (D:8)
  2 phantoms
  3 kobold brigands
  3 bullfrogs
  A gnoll sergeant (D:7)
  3 scorpions
  12 wights
  6 killer bees (D:6)
  4 hounds
  4 orc priests
  3 iguanas
  5 orc wizards
  16 gnolls
  5 river rats (D:6)
  12 adders
  2 white imps
  2 worms
  2 dart slugs (D:4)
  12 orcs
  7 endoplasms
  4 giant cockroaches
  3 goblins
  3 hobgoblins
  2 jackals (D:5)
  13 kobolds
  3 quokkas
  7 ball pythons
  4 bats
  5 frilled lizards
  11 rats
170 creatures vanquished.

Notes
Turn   | Place    | Note
-------+----------+-------------------------------------------
     0 | D:1      | qw the Deep Elf Hunter began the quest for the Orb.
     0 | D:1      | Reached XP level 1. HP: 12/12 MP: 3/3
     0 | D:1      | 0 ||| qw: Version: 0.3-a-22-g0ed2b0b
     0 | D:1      | 0 ||| qw: Game counter: 6379
     0 | D:1      | 0 ||| qw: Melee chars always use a shield: true
     0 | D:1      | 0 ||| qw: God list: Okawaru
     0 | D:1      | 0 ||| qw: Allow faded altars: false
     0 | D:1      | 0 ||| qw: Do Orc after clearing Dungeon:15 true
     0 | D:1      | 0 ||| qw: Do second Lair branch before Depths: true
     0 | D:1      | 0 ||| qw: Lair rune preference: random
     0 | D:1      | 0 ||| qw: Goals: Normal
     0 | D:1      | 0 ||| PLANNING D:1-11
   124 | D:1      | Found a faded altar of an unknown god.
   219 | D:1      | Reached skill level 6 in Ranged Weapons
   219 | D:1      | Reached XP level 2. HP: 16/16 MP: 4/4
   223 | D:1      | Found Sebulani's Book Boutique.
   628 | D:1      | 628 ||| UPGRADING to +0 helmet.
   633 | D:1      | 633 ||| UPGRADING to +4 ring of slaying {mikee}.
   634 | D:1      | 634 ||| READING 2 scrolls labelled KUIBIQ COSA.
   639 | D:1      | 639 ||| DROPPING scroll of butterflies.
   792 | D:2      | Reached XP level 3. HP: 20/20 MP: 5/5
   850 | D:2      | Reached skill level 7 in Ranged Weapons
   909 | D:2      | Reached XP level 4. HP: 25/25 MP: 6/6
  1213 | D:2      | 1213 ||| UPGRADING to +0 ring mail.
  1223 | D:2      | 1223 ||| DROPPING +0 leather armour.
  1224 | D:2      | 1224 ||| DRINKING 3 fuming blue potions.
  1225 | D:2      | 1225 ||| DRINKING 2 coppery potions.
  1231 | D:2      | 1231 ||| DROPPING 2 potions of attraction.
  1232 | D:2      | 1232 ||| DROPPING potion of ambrosia.
  1259 | D:3      | 1259 ||| STAIRDANCE
  1361 | D:3      | Reached skill level 8 in Ranged Weapons
  1477 | D:3      | Reached XP level 5. HP: 29/29 MP: 7/7
  1679 | D:3      | HP: 7/29 [something (2)]
  1681 | D:3      | Reached skill level 9 in Ranged Weapons
  2077 | D:3      | 2077 ||| UPGRADING to +2 cloak.
  2082 | D:3      | 2082 ||| READING scroll labelled KEICWE BUUREKO.
  2083 | D:3      | 2083 ||| READING scroll labelled WIKAM SISIGAI.
  2084 | D:3      | 2084 ||| READING scroll labelled HAGGEI TONKET ROSH.
  2085 | D:3      | 2085 ||| DRINKING 2 ruby potions.
  2086 | D:3      | 2086 ||| DRINKING 2 black potions.
  2166 | D:4      | Noticed Sigmund
  2172 | D:4      | Killed Sigmund
  2173 | D:4      | Reached skill level 3 in Fighting
  2173 | D:4      | Reached XP level 6. HP: 37/37 MP: 8/8
  2215 | D:4      | Found a shimmering altar of Xom.
  2260 | D:4      | Found a glowing silver altar of Zin.
  2543 | D:4      | 2543 ||| UPGRADING to amulet of guardian spirit.
  2548 | D:4      | 2548 ||| READING 2 scrolls labelled ERUADUS COURAM.
  2549 | D:4      | 2549 ||| READING scroll labelled LEMOYMP PIUX.
  2550 | D:4      | 2550 ||| READING scroll labelled HOUJIA PEOCI.
  2551 | D:4      | 2551 ||| DRINKING 2 amethyst potions.
  2551 | D:4      | Gained mutation: You are covered in fur. (AC +1) [potion of
                  | mutation]
  2551 | D:4      | Gained mutation: You have sharp toenails. [potion of
                  | mutation]
  2552 | D:4      | 2552 ||| DRINKING 2 blue potions.
  2558 | D:5      | Entered Level 5 of the Dungeon
  2563 | D:5      | Found a sacrificial altar of Ru.
  2589 | D:5      | Reached skill level 1 in Armour
  2742 | D:5      | Found a staircase to the Ecumenical Temple.
  2743 | D:5      | 2743 ||| PLANNING TEMPLE
  2757 | D:5      | 2757 ||| READING 3 scrolls of identify.
  2757 | D:5      | 2757 ||| IDENTIFYING murky pink potion
  2758 | D:5      | 2758 ||| READING 2 scrolls of identify.
  2758 | D:5      | 2758 ||| IDENTIFYING viscous golden potion
  2759 | D:5      | 2759 ||| DROPPING potion of berserk rage.
  2769 | Temple   | Entered the Ecumenical Temple
  2890 | Temple   | 2890 ||| PLANNING OKAWARU WORSHIP
  2897 | Temple   | Became a worshipper of Warmaster Okawaru
  2898 | Temple   | 2898 ||| PLANNING D:1-11
  2898 | Temple   | 2898 ||| REMOVING amulet of guardian spirit.
  2903 | Temple   | 2903 ||| DROPPING amulet of guardian spirit.
  2990 | D:5      | Found a sacrificial altar of Ru.
  3225 | D:5      | Reached XP level 7. HP: 41/41 MP: 9/9
  3241 | D:5      | Reached skill level 10 in Ranged Weapons
  3311 | D:5      | Reached skill level 3 in Dodging
  3498 | D:5      | Found Huriboto's Book Shop.
  3650 | D:5      | 3650 ||| READING scroll labelled SIETTA JOPIAVO.
  3722 | D:5      | 3722 ||| READING 2 scrolls of identify.
  3722 | D:5      | 3722 ||| IDENTIFYING grey potion
  3723 | D:5      | 3723 ||| DROPPING potion of lignification.
  3741 | D:6      | 3741 ||| PLANNING SEWER
  3924 | D:6      | HP: 9/41 [poisoned by a killer bee]
  3928 | D:6      | HP: 4/41 [poisoned by a killer bee]
  4091 | D:6      | Reached skill level 11 in Ranged Weapons
  4097 | D:6      | Reached * piety under Okawaru
  4109 | D:6      | Reached skill level 1 in Invocations
  4116 | D:6      | 4116 ||| INVOKING Heroism.
  4118 | D:6      | Reached XP level 8. HP: 16/46 MP: 7/11
  4257 | D:6      | 4257 ||| INVOKING Heroism.
  4367 | D:6      | Found a snail-covered altar of Cheibriados.
  4435 | D:6      | 4435 ||| RIP SEWER
  4490 | D:6      | 4490 ||| PLANNING D:1-11
  4493 | D:6      | Reached skill level 3 in Invocations
  4497 | D:6      | Reached skill level 12 in Ranged Weapons
  4511 | D:6      | 4511 ||| INVOKING Heroism.
  4694 | D:6      | 4694 ||| Stepping ~*~*~tactically~*~*~ (water).
  4788 | D:6      | 4788 ||| UPGRADING to +6 ring of strength.
  4789 | D:6      | 4789 ||| READING scroll labelled KEYCLO DUFODU.
  4790 | D:6      | 4790 ||| READING 2 scrolls of identify.
  4790 | D:6      | 4790 ||| IDENTIFYING red potion
  4791 | D:6      | 4791 ||| DROPPING potion of brilliance.
  4843 | D:7      | 4843 ||| Stepping ~*~*~tactically~*~*~ (outnumbered).
  4850 | D:7      | 4850 ||| Stepping ~*~*~tactically~*~*~ (outnumbered).
  4857 | D:7      | 4857 ||| INVOKING Heroism.
  4858 | D:7      | 4858 ||| Stepping ~*~*~tactically~*~*~ (outnumbered).
  4920 | D:7      | 4920 ||| INVOKING Heroism.
  5022 | D:7      | Reached skill level 13 in Ranged Weapons
  5039 | D:7      | 5039 ||| INVOKING Heroism.
  5060 | D:7      | Identified the +0 robe of Articulation {Fly Str+6 Int-4
                  | Slay-2}
  5393 | D:7      | 5393 ||| SWAPPING to +0 orcbow.
  5419 | D:7      | 5419 ||| DROPPING +0 shortbow of flaming.
  5541 | D:7      | 5541 ||| Stepping ~*~*~tactically~*~*~ (outnumbered).
  5544 | D:7      | Reached XP level 9. HP: 38/51 MP: 14/14
  5548 | D:7      | 5548 ||| INVOKING Heroism.
  5628 | D:7      | 5628 ||| Stepping ~*~*~tactically~*~*~ (outnumbered).
  5634 | D:7      | 5634 ||| Stepping ~*~*~tactically~*~*~ (outnumbered).
  5635 | D:7      | 5635 ||| Stepping ~*~*~tactically~*~*~ (outnumbered).
  5676 | D:7      | 5676 ||| INVOKING Heroism.
  5922 | D:7      | 5922 ||| DROPPING +0 robe of Articulation {Fly Str+6 Int-4
                  | Slay-2}.
  5947 | D:8      | 5947 ||| STAIRDANCE
  5949 | D:7      | 5949 ||| INVOKING Heroism.
  5950 | D:7      | HP: 5/51 [yak (8)]
  5951 | D:7      | 5951 ||| READING 4 scrolls of teleportation.
  5952 | D:7      | 5952 ||| DRINKING 2 potions of heal wounds.
  5956 | D:7      | Reached skill level 14 in Ranged Weapons
  6123 | D:8      | 6123 ||| INVOKING Heroism.
  6203 | D:8      | Reached skill level 15 in Ranged Weapons
  6203 | D:8      | 6203 ||| FLEEEEING.
  6204 | D:8      | 6204 ||| FLEEEEING.
  6205 | D:8      | 6205 ||| FLEEEEING.
  6206 | D:8      | 6206 ||| FLEEEEING.
  6209 | D:8      | 6209 ||| FLEEEEING.
  6210 | D:8      | 6210 ||| FLEEEEING.
  6211 | D:8      | 6211 ||| FLEEEEING.
  6212 | D:8      | 6212 ||| FLEEEEING.
  6213 | D:8      | 6213 ||| FLEEEEING.
  6214 | D:8      | 6214 ||| FLEEEEING.
  6215 | D:8      | 6215 ||| FLEEEEING.
  6266 | D:8      | Reached skill level 6 in Dodging
  6290 | D:8      | 6290 ||| Stepping ~*~*~tactically~*~*~ (cloud).
  6291 | D:8      | 6291 ||| INVOKING Heroism.
  6363 | D:8      | 6363 ||| INVOKING Heroism.
  6586 | D:8      | Found a sparkling altar of Nemelex Xobeh.
  6586 | D:8      | Found a bloodstained altar of Trog.
  6973 | D:8      | 6973 ||| UPGRADING to ring of see invisible.
  6975 | D:8      | 6975 ||| DROPPING ring of magical power.
  6996 | D:9      | 6996 ||| INVOKING Heroism.
  6997 | D:9      | 6997 ||| Stepping ~*~*~tactically~*~*~ (outnumbered).
  7011 | D:9      | Reached skill level 16 in Ranged Weapons
  7012 | D:9      | 7012 ||| DRINKING 2 potions of curing.
  7012 | D:9      | 7012 ||| (to cure confusion)
  7014 | D:9      | HP: 9/52 [orc warrior/+1 dire flail of protection (8)]
  7014 | D:9      | Slain by an orc warrior

Levels and vault maps discovered:
D:1:      saegor_arrival_under_anarchy, layout_loops_ring, serial_shops, shop,
          shapermc_ecumenical_altar_totnotflames
D:2:      layout_rooms, nicolae_half_adder
D:3:      layout_basic
D:4:      layout_basic, xom_butterflies,
          mainiacjoe_overflow_concentric_impassable, uniq_sigmund
D:5:      layout_loops_corners, minmay_temple_entry_junction_2, serial_shops,
          shop, hangedman_feature_mirror
D:6:      minmay_angry_zag, layout_cave_pools, cheibriados_altar_1,
          portal_sewer_entry_e, kennysheep_another_room
D:7:      layout_basic
D:8:      layout_basic, amethyst_overflow_temple_binary
D:9:      layout_loops_ring, enter_bailey_4
Temple:   minmay_crystal_spiral_temple

Skill      XL: |  1  2  3  4  5  6  7  8  9 |
---------------+----------------------------+-----
Ranged Weapons | 6 7 8 9 11 13 16 | 16.0
Fighting       | 3 4 |  4.0
Armour         | 1 |  1.1
Dodging        | 3 5 6 |  6.0
Invocations    | 1 4 |  4.0
Stealth        | |  1.2

Action                     |  1- 3 |  4- 6 |  7- 9 || total
---------------------------+-------+-------+-------++-------
   Fire: Shortbow          |    76 |   139 |   181 ||   396
         Orcbow            |       |       |   145 ||   145
 Invoke: Heroism           |       |       |    13 ||    13
    Use: Scroll            |     1 |     8 |     5 ||    14
         Potion            |       |     6 |     2 ||     8
 Armour: Leather armour    |     5 |       |       ||     5
         Ring mail         |       |    19 |    59 ||    78
  Dodge: Dodged            |     7 |    20 |   114 ||   141

Table legend:
 A = Non-vault XP
 B = Vault XP
 C = Vault XP percentage of total XP
 D = Non-vault monster count
 E = Vault monster count
 F = Vault count percentage of total count
                 A         B        C        D         E       F
            +---------+---------+-------+---------+---------+-------
      Total |    4647 |     631 |  12.0 |     151 |      19 |  11.2
            +---------+---------+-------+---------+---------+-------
        D:1 |      22 |       0 |   0.0 |      14 |       0 |   0.0
        D:2 |      68 |      41 |  37.6 |      21 |       3 |  12.5
        D:3 |     150 |       0 |   0.0 |      18 |       0 |   0.0
        D:4 |      22 |     239 |  91.6 |      10 |       1 |   9.1
        D:5 |     357 |      13 |   3.5 |      16 |       2 |  11.1
        D:6 |     810 |     338 |  29.4 |      14 |      13 |  48.1
        D:7 |    1364 |       0 |   0.0 |      30 |       0 |   0.0
        D:8 |    1599 |       0 |   0.0 |      24 |       0 |   0.0
        D:9 |     255 |       0 |   0.0 |       4 |       0 |   0.0
            +---------+---------+-------+---------+---------+-------
